 Dungeon Sprint DCSS version 0.25-a0-474-ga8a2ee3166 (webtiles) character file.

Game seed: 11950202620602085845, levelgen mode: deterministic

2300000 ICC the Axe Maniac (level 20, -7/216 HPs)
             Began as a Demonspawn Skald on Feb 7, 2020.
             Was a High Priest of Makhleb.
             Mangled by a destroyer
             ... wielding a +9 vorpal great sword
              (8 damage)
             ... in the Dungeon (Sprint VIII: "Arena of Blood").
             The game lasted 00:04:55 (23 turns).

ICC the Axe Maniac (Demonspawn Skald)                 Turns: 23, Time: 00:04:56

Health: -7/216     AC:  8    Str: 13    XL:     20   Next: 4%
Magic:  20/43      EV: 29    Int: 14    God:    Makhleb [*****.]
Gold:   0          SH:  0    Dex: 21    Spells: 56/57 levels left

rFire    . . .     SeeInvis .   c - +∞ Axe of Woe
rCold    . . .     Gourm    .   (shield currently unavailable)
rNeg     . . .     Faith    .   b - +0 leather armour
rPois    .         Spirit   .   (no helmet)
rElec    .         Reflect  .   (no cloak)
rCorr    .         Harm     .   (no gloves)
MR       +....     NoTele   +   (no boots)
Stlth    ++++++++..             (no amulet)
HPRegen  0.46/turn              (no ring)
MPRegen  0.28/turn              (no ring)

@: no status effects
A: hooves 1, molten scales 2, foul stench 2, robust 1, spiny 3, rot immunity
a: Minor Destruction, Lesser Servant of Makhleb, Major Destruction, Greater
Servant of Makhleb, Renounce Religion


You were in the Dungeon.
You worshipped Makhleb.
Makhleb was extremely pleased with you.
You were not hungry.

You visited 1 branch

Inventory:

Hand Weapons
 a - a +0 hand axe
 c - the +∞ Axe of Woe (weapon)
   (You found it in the Dungeon)
Armour
 b - a +0 leather armour (worn)
Scrolls
 j - a scroll of blinking
Potions
 e - a potion of curing
 f - a potion of heal wounds
 g - a potion of haste
 h - 2 potions of magic
 i - a potion of berserk rage
Comestibles
 d - a ration


   Skills:
 O Level 27 Fighting
 O Level 27 Axes
 + Level 19.4 Throwing
 + Level 19.4 Armour
 + Level 19.5 Dodging
 + Level 20.8 Stealth
 + Level 19.4 Unarmed Combat
 + Level 19.4 Spellcasting
 + Level 19.5 Charms
 + Level 25.5 Invocations


You had 56 spell levels left.
You knew the following spells:

 Your Spells              Type           Power        Failure   Level  Hunger
a - Infusion              Chrm           ####         0%          1    None

Your spell library contained the following spells:

 Spells                   Type           Power        Failure   Level  Hunger
 Song of Slaying          Chrm           ######..     0%          2    None
 Shroud of Golubria       Chrm/Tloc      #####.       1%          2    None
 Ozocubu's Armour         Chrm/Ice       #####...     1%          3    None
 Spectral Weapon          Hex/Chrm       #####...     1%          3    None


Dungeon Overview and Level Annotations

Branches:
Dungeon (1/1)

Altars:
Makhleb


Innate Abilities, Weirdness & Mutations

You have large cloven feet.
You are mostly covered in molten scales. (AC +3)
You frequently emit foul miasma when damaged in melee.
You are robust. (+10% HP)
You are completely covered in sharp spines.
You are immune to rotting.


Message History

You feel robust.
You are engulfed in blazing flames.
You hear a shout! x7
A meat berserker comes into view. It is wielding a +9 battleaxe.
Unknown command.
Unknown command.
Unknown command.
Unknown command.
A bag of meat comes into view. It is wielding a +9 war axe.
You are engulfed in blazing flames.
The bag of meat shouts!
You hear a shout! x2
A bag of meat comes into view. It is wielding a +9 war axe. x2
You hear a shout! x5
A bag of meat comes into view. It is wielding a +9 war axe.
The destroyer is engulfed in blazing flames.
The destroyer hits you with a +9 vorpal great sword!!!!
Ouch! That really hurt!
* * * LOW HITPOINT WARNING * * *
x2 The destroyer bites you!
You die...

........###......
.#........_......
.......#.....#
.......#_.<._#
.......#.....#..
.#.....).)_......
........)###......
...###§§§§...###.
.. #@§§....#
#Vo.....#
.o..o.....
...........
...oo.......
.....O......#
...#.O......#
oo..o........#


You could see a destroyer, a large bag of meat (inner flame), a meat berserker
(berserk) and 8 bags of meat.

Vanquished Creatures
  3 ogres (D)
  2 two-headed ogres (D)
  16 orcs (D)
21 creatures vanquished.

Notes
Turn   | Place    | Note
-------+----------+-------------------------------------------
     0 | D        | Found the +∞ Axe of Woe
     0 | D        | ICC the Demonspawn Skald began the quest for the Orb.
     0 | D        | Reached XP level 1. HP: 16/16 MP: 3/3
     1 | D        | Noticed a bag of meat
     1 | D        | Noticed a bag of meat
     3 | D        | Became a worshipper of Makhleb the Destroyer
     5 | D        | Noticed a bag of meat
     5 | D        | Noticed a bag of meat
     6 | D        | Killed a bag of meat
     6 | D        | Gained mutation: You are immune to rotting. [demonic
                  | ancestry]
     6 | D        | Reached XP level 2. HP: 22/22 MP: 5/5
     6 | D        | Reached XP level 3. HP: 27/27 MP: 6/6
     6 | D        | Reached XP level 4. HP: 33/33 MP: 7/7
     6 | D        | Gained mutation: You are partially covered in molten
                  | scales. (AC +2) [demonic ancestry]
     6 | D        | Reached XP level 5. HP: 38/38 MP: 8/8
     6 | D        | Gained mutation: You are mostly covered in molten scales.
                  | (AC +3) [demonic ancestry]
     6 | D        | Reached XP level 6. HP: 44/44 MP: 9/9
     6 | D        | Reached XP level 7. HP: 50/50 MP: 10/10
     6 | D        | Gained mutation: You are partially covered in sharp spines.
                  | [demonic ancestry]
     6 | D        | Reached XP level 8. HP: 56/56 MP: 11/11
     6 | D        | Reached XP level 9. HP: 61/61 MP: 12/12
     6 | D        | Gained mutation: You may emit foul miasma when damaged in
                  | melee. [demonic ancestry]
     6 | D        | Reached XP level 10. HP: 67/67 MP: 13/13
     6 | D        | Gained mutation: You are mostly covered in sharp spines.
                  | [demonic ancestry]
     6 | D        | Reached XP level 11. HP: 72/72 MP: 14/14
     6 | D        | Noticed a bag of meat
     6 | D        | Noticed a bag of meat
     7 | D        | Killed a bag of meat
     7 | D        | Reached * piety under Makhleb
     7 | D        | Reached skill level 27 in Axes
     7 | D        | Reached skill level 5 in Fighting
     7 | D        | Gained mutation: You frequently emit foul miasma when
                  | damaged in melee. [demonic ancestry]
     7 | D        | Reached XP level 12. HP: 86/86 MP: 15/15
     7 | D        | Noticed a meat berserker
     8 | D        | Noticed a bag of meat
     8 | D        | Noticed a bag of meat
     8 | D        | Noticed a bag of meat
     8 | D        | Noticed a bag of meat
     8 | D        | Noticed a bag of meat
     8 | D        | Noticed a bag of meat
     9 | D        | Killed a bag of meat
     9 | D        | Reached XP level 13. HP: 119/119 MP: 16/16
     9 | D        | Killed a bag of meat
     9 | D        | Gained mutation: You have large cloven feet. [demonic
                  | ancestry]
     9 | D        | Reached XP level 14. HP: 138/138 MP: 17/17
     9 | D        | Noticed a bag of meat
    10 | D        | Noticed a meat berserker
    10 | D        | Noticed a bag of meat
    11 | D        | Noticed a large bag of meat
    12 | D        | Noticed a bag of meat
    12 | D        | Killed a meat berserker
    12 | D        | Reached ** piety under Makhleb
    12 | D        | Gained mutation: You are completely covered in sharp
                  | spines. [demonic ancestry]
    12 | D        | Reached XP level 15. HP: 139/158 MP: 18/18
    12 | D        | Reached skill level 27 in Fighting
    12 | D        | Reached skill level 5 in Charms
    13 | D        | Reached *** piety under Makhleb
    13 | D        | Reached XP level 16. HP: 147/167 MP: 18/28
    14 | D        | Reached skill level 10 in Stealth
    14 | D        | Reached skill level 10 in Charms
    15 | D        | Killed a meat berserker
    15 | D        | Reached skill level 15 in Invocations
    15 | D        | Reached XP level 17. HP: 174/174 MP: 18/32
    15 | D        | Reached **** piety under Makhleb
    16 | D        | Noticed a meat berserker
    17 | D        | Reached skill level 15 in Stealth
    17 | D        | Reached XP level 18. HP: 182/182 MP: 18/36
    18 | D        | Reached ***** piety under Makhleb
    18 | D        | Reached skill level 15 in Throwing
    18 | D        | Reached skill level 15 in Armour
    18 | D        | Reached skill level 15 in Dodging
    18 | D        | Reached skill level 15 in Unarmed Combat
    18 | D        | Reached skill level 15 in Spellcasting
    18 | D        | Reached skill level 15 in Charms
    19 | D        | Noticed a large bag of meat
    19 | D        | Noticed a destroyer
    20 | D        | Noticed a large bag of meat
    20 | D        | Killed a large bag of meat
    20 | D        | Reached XP level 19. HP: 189/189 MP: 19/39
    21 | D        | Killed a meat berserker
    21 | D        | Killed a large bag of meat
    22 | D        | Gained mutation: You are robust. (+10% HP) [demonic
                  | ancestry]
    22 | D        | Reached XP level 20. HP: 189/216 MP: 19/43
    23 | D        | Noticed a meat berserker
    23 | D        | HP: 1/216 [destroyer/+9 vorpal great sword (26)]
    23 | D        | Mangled by a destroyer

Levels and vault maps discovered:
D:        meatsprint

Skill      XL: |  1  2  3  4  5  6  7  8  9 10 11 12 13 14 15 16 17 18 19 |
---------------+----------------------------------------------------------+-----
Axes           | 24 27 | 27.0
Fighting       | 5 16 21 26 27 | 27.0
Throwing       | 8 11 14 16 19 | 19.4
Armour         | 8 11 14 16 19 | 19.4
Dodging        | 8 11 14 17 19 | 19.5
Stealth        | 9 12 15 18 20 | 20.8
Unarmed Combat | 8 11 14 16 19 | 19.4
Spellcasting   | 8 11 14 16 19 | 19.4
Charms         | 8 12 14 17 19 | 19.5
Invocations    | 11 15 19 22 25 | 25.5

Action                   |  1- 3 |  4- 6 |  7- 9 | 10-12 | 13-15 | 16-18 | 19-21 || total
-------------------------+-------+-------+-------+-------+-------+-------+-------++-------
Melee: Executioner's axe |     1 |       |       |     2 |     2 |     6 |     2 ||    13

Table legend:
 A = Non-vault XP
 B = Vault XP
 C = Vault XP percentage of total XP
 D = Non-vault monster count
 E = Vault monster count
 F = Vault count percentage of total count
                 A         B        C        D         E       F
            +---------+---------+-------+---------+---------+-------
      Total |  149315 |  330726 |  68.9 |       5 |      16 |  76.2
            +---------+---------+-------+---------+---------+-------
          D |  149315 |  330726 |  68.9 |       5 |      16 |  76.2
            +---------+---------+-------+---------+---------+-------
